 Dungeon Crawl Stone Soup version 0.29-a0-1009-g60c99734e7 (webtiles) character file.

Game seed: 5713554974338525097

25 nickcage the Gusty (level 3, -6/19 HPs)
             Began as a Tengu Air Elementalist on Aug 8, 2022.
             Killed from afar by Natasha (7 damage)
             ... with a magic dart
             ... on level 1 of the Dungeon.
             The game lasted 00:03:47 (1707 turns).

nickcage the Gusty (Tengu Air Elementalist)         Turns: 1707, Time: 00:03:47

Health: -6/19      AC:  0    Str:  8    XL:     3   Next: 6%
Magic:  7/7        EV: 19    Int: 17    God:
Gold:   78         SH:  0    Dex: 19    Spells: 5/6 levels left

rFire   . . .      SeeInvis .   (weapon currently unavailable)
rCold   . . .      Faith    .   (shield currently unavailable)
rNeg    . . .      Spirit   .   (body armour currently unavailable)
rPois   .          Reflect  .   (helmet currently unavailable)
rElec   .          Harm     .   (cloak currently unavailable)
rCorr   .          Rampage  .   (gloves currently unavailable)
Will    .....                   (boots unavailable)
Stlth   ++........              (no amulet)
HPRegen 0.06/turn               (ring currently unavailable)
MPRegen 0.10/turn               (ring currently unavailable)

@: bat-form, flying, very quick
A: fast, flying, no casting, tiny, (beak), (talons 3)
a: no special abilities


You were on level 1 of the Dungeon.
You were a bat.
You visited 1 branch of the dungeon, and saw 2 of its levels.

You collected 102 gold pieces.
You spent 24 gold pieces at shops.

Inventory:

Hand Weapons
 e - a +0 whip
 h - a +0 vorpal spear (melded)
Missiles
 c - a throwing net
Armour
 a - a +0 robe (melded)
Jewellery
 j - an amulet of guardian spirit
Scrolls
 d - a scroll of identify
 k - a scroll of enchant armour {unknown}
 l - a scroll of teleportation {unknown}
Potions
 b - a potion of magic
 f - a potion of lignification


   Skills:
 - Level 2.1 Dodging
 - Level 2.0 Stealth
 + Level 2.4 Spellcasting
 + Level 1.9 Conjurations
 + Level 4.9 Air Magic


You had 5 spell levels left.
You knew the following spells:

 Your Spells              Type           Power      Damage    Failure   Level
a - Shock                 Conj/Air       52%        1d6       4%          1

Your spell library contained the following spells:

 Spells                   Type           Power      Damage    Failure   Level
 Static Discharge         Conj/Air       13%        3-5/arc   7%          2
 Swiftness                Air            18%        N/A       8%          3
 Airstrike                Air            9%         2d(2-18)  24%         4


Dungeon Overview and Level Annotations

Branches:
Dungeon (2/15)

Altars:

Shops:
D:1 ?

Annotations:
D:1 Natasha


Innate Abilities, Weirdness & Mutations

You are a bat.
You are tiny and dextrous.
You move quickly.
You are flying.
Your equipment is almost entirely melded.
You are incapable of wielding weapons or throwing items.
You cannot cast spells.
((You have a beak for a mouth.))
((You have claws for feet.))


Message History

Natasha casts a spell at you. The magic dart hits you.
You completely miss Natasha.
Natasha is moderately wounded.
The bat misses you. Natasha misses you.
You hit Natasha but do no damage.
Natasha is moderately wounded.
The bat misses you. Natasha closely misses you.
You hit the bat.
The bat is moderately wounded.
The bat closely misses you. Natasha claws you.
* * * LOW HITPOINT WARNING * * *
You hit Natasha but do no damage.
Natasha is moderately wounded.
The bat hits you.
* * * LOW HITPOINT WARNING * * *
Natasha misses you.
You fly upwards.
There is a stone staircase leading down here.
The bat attacks as you move away! The bat hits you.
* * * LOW HITPOINT WARNING * * *
The bat misses you.
Natasha mumbles some strange words.
You feel troubled. The bat completely misses you. The bat closely misses you.
Natasha casts a spell.
The bat hits you.
* * * LOW HITPOINT WARNING * * *
The bat attacks as you move away! The bat closely misses you.
The bat misses you. The bat attacks as you move away!
The bat closely misses you. Natasha casts a spell at you.
You resist with significant effort. The bat hits you.
* * * LOW HITPOINT WARNING * * *
The bat attacks as you move away! The bat misses you.
The bat attacks as you move away! The bat barely misses you. x2
Natasha stares at you and mumbles some strange words.
The magic dart hits you!
You die...

#.......##......#.......# #.#
#.......##......#.......####.#
#.....########..'.............
####.....########.##.....[.####.#
.........+......#.########## #.#
####..†..######'#'####### #.#
......#####.............# #.#
.####.#.................# #.# .#
#...........b.......# #.# .#
###.................# #.# .#
#..(.......b......# ###'# .#
#.................# #.... .#
###.#.#...........# #.... ##
#.#.#5..........# #.... ####
####.#'#...........# ###....
...###.......h..........# #......
.....'..................# #.###.#


You could see Natasha, a white imp (summoned) and a bat.

Vanquished Creatures
  5 giant cockroaches
  A goblin (D:1)
  6 hobgoblins (D:1)
  3 kobolds (D:1)
  2 quokkas (D:1)
  A ball python (D:1)
  2 frilled lizards (D:1)
  2 rats (D:1)
22 creatures vanquished.

Notes
Turn   | Place    | Note
-------+----------+-------------------------------------------
     0 | D:1      | nickcage the Tengu Air Elementalist began the quest for the
                  | Orb.
     0 | D:1      | Reached XP level 1. HP: 10/10 MP: 4/4
   238 | D:1      | Reached XP level 2. HP: 15/15 MP: 1/6
  1220 | D:1      | Found Cyrallech's Magic Scroll Shop.
  1229 | D:1      | Bought a scroll of identify for 24 gold pieces
  1383 | D:2      | Reached XP level 3. HP: 19/19 MP: 4/7
  1471 | D:2      | Noticed Natasha
  1707 | D:1      | Killed from afar by Natasha

Illustrated notes

Levels and vault maps discovered:
D:1:      nzn_arrival_depleted_hourglass, layout_basic, serial_shops,
          nicolae_shop_stone
D:2:      layout_basic, basic_altar, uniq_natasha

Action                   || total
-------------------------++-------
Melee: Whip              ||     5
       Kick              ||     3
       Spear             ||     2
       Unarmed           ||     7
 Cast: Shock             ||    59
  Use: Scroll            ||     3
Armor: Robe              ||     1
Dodge: Dodged            ||    31

Table legend: (Time is in decaauts)
 A = Elapsed time spent in this place.
 B = Non-inter-level travel time spent in this place.
 C = Inter-level travel time spent in this place.
 D = Time resting spent in this place.
 E = Time spent auto-exploring this place.
 F = Levels seen in this place.
 G = Mean time per level.
                   A        B        C        D        E       F      G
               +--------+--------+--------+--------+--------+-----+--------+
         Total |   1708 |   1654 |     54 |    231 |   1255 |   2 |  854.0 |
       Dungeon |   1708 |   1654 |     54 |    231 |   1255 |   2 |  854.0 |
               +--------+--------+--------+--------+--------+-----+--------+

Top non-repeatable levels by time:
     D:1: 1590 daAuts
     D:2: 118 daAuts
